 Dungeon Crawl Stone Soup version 0.29-a0-340-g6efceafd81 (webtiles) character file.

Game seed: 800403615458086448

590 enile the Charlatan (level 7, 0/54 HPs)
             Began as a Demonspawn Artificer on Apr 20, 2022.
             Was a Believer of Yredelemnul.
             Succumbed to an adder's poison
             ... in a sewer.
             The game lasted 00:11:01 (6604 turns).

enile the Charlatan (Demonspawn Artificer)          Turns: 6604, Time: 00:11:02

Health: 0/54       AC:  3    Str: 10 (11) XL:     7   Next: 15%
Magic:  9/9        EV: 11    Int: 12      God:    Yredelemnul [**....]
Gold:   140        SH:  0    Dex: 14 (15) Spells: 6/6 levels left

rFire   . . .      SeeInvis .   j - +0 dagger (freeze)
rCold   + + .      Faith    .   (no shield)
rNeg    . . .      Spirit   .   b - +0 leather armour
rPois   .          Reflect  .   (helmet restricted)
rElec   .          Harm     .   (no cloak)
rCorr   .          Rampage  .   (no gloves)
Will    .....                   (no boots)
Stlth   +.........              (no amulet)
HPRegen 0.18/turn               l - ring of protection from cold
MPRegen 0.11/turn               t - ring of protection from cold

@: lethally poisoned (0 -> -14), very slow
A: hooves 1, horns 1, ignite blood 1, weak 1
a: Renounce Religion, Recall Undead Harvest, Dark Bargain


You were in a sewer.
You worshipped Yredelemnul.
Yredelemnul was noncommittal.
You visited 1 branch of the dungeon, and saw 5 of its levels.
You also visited: Sewer.

You collected 140 gold pieces.

Inventory:

Hand Weapons
 a - a +0 club
 j - a +0 dagger of freezing (weapon)
 m - a +0 hand crossbow
 x - a +2 quarterstaff of chaos
Missiles
 o - 9 javelins
 A - 5 silver javelins (quivered)
 B - 2 throwing nets
Armour
 b - a +0 leather armour (worn)
Jewellery
 l - a ring of protection from cold (left hand)
 t - a ring of protection from cold (right hand)
Wands
 c - a wand of flame (26)
 d - a wand of charming (19)
 e - a wand of iceblast (8)
 y - a wand of digging (5)
Scrolls
 f - 2 scrolls of vulnerability
 g - a scroll of torment {unknown}
 n - a scroll of magic mapping
 q - a scroll of fear {unknown}
 r - a scroll of noise
 s - 2 scrolls of teleportation
 w - a scroll of brand weapon
 D - a scroll of identify
Potions
 h - 2 potions of degeneration
 i - a potion of might {unknown}
 k - 2 potions of resistance {unknown}
 p - a potion of berserk rage
 u - a potion of ambrosia {unknown}
 z - a potion of heal wounds {unknown}
 C - a potion of mutation


   Skills:
 - Level 4.0 Fighting
 - Level 2.0 Throwing
 - Level 3.0 Armour
 - Level 2.0 Dodging
 - Level 0.8 Stealth
 + Level 3.6 Invocations
 - Level 5.0 Evocations


You had 6 spell levels left.
You didn't know any spells.
Your spell library contained the following spells:

 Spells                   Type           Power      Damage    Failure   Level
 Tukima's Dance           Hex            0%         N/A       78%         3
 Anguish                  Hex/Necr       0%         N/A       99%         4
 Enfeeble                 Hex            0%         N/A       100%        7


Dungeon Overview and Level Annotations

Branches:
Dungeon (5/15)              Sewer (1/1)
 Temple: D:4-7

Altars:
Fedhas
Makhleb
Vehumet
Yredelemnul


Innate Abilities, Weirdness & Mutations

You have large cloven feet.
You have a pair of small horns on your head.
Your demonic aura sometimes causes spilled blood to erupt in flames.
You are weak. (Str -2)


Message History

You are more poisoned.
The adder poisons you!
You escape the ball python's grasp.
You swap places.
The bullfrog attacks as you move away!
The bullfrog hits you but does no damage.
You feel very sick. The bullfrog hits your rat zombie.
Your rat zombie is destroyed!
The bullfrog hits you but does no damage.
The adder barely misses you.
Your rat zombie bites the adder.
The ball python barely misses your rat zombie.
The ball python grabs your rat zombie.
The ball python constricts your rat zombie.
The adder completely misses your rat zombie.
Your rat zombie barely misses the ball python.
The bullfrog hits you.
* * * LOW HITPOINT WARNING * * *
The adder bites you.
* * * LOW HITPOINT WARNING * * *
You are more poisoned.
The adder poisons you!
Your rat zombie barely misses the adder.
Unknown command.
Blink to where?
Press: ? - help, Dir - move target Splash!
You fall into the shallow water.
Moving in this stuff is going to be slow.
As you read the scroll of blinking, it crumbles to dust.
* * * LOW HITPOINT WARNING * * *
You feel very sick.
The ball python loses its grip on your rat zombie.
The adder bites your rat zombie. The ball python bites your rat zombie.
The ball python completely misses your rat zombie.
The bullfrog hits your rat zombie!
Your rat zombie is destroyed!
It was a potion of mutation.
You feel extremely strange.
You feel weaker.
You die...
Your body rises from the dead as a mindless zombie.

#..Z##### #..ZZZZ.#
#...Z#Z.# ##.ZZ####
#..Z.####################
#......≈≈≈≈≈≈≈≈≈≈≈≈≈≈≈...
##.....≈≈≈≈≈≈≈S≈≈≈≈≈≈≈≈..
#....≈≈≈≈ZZZS≈≈≈J≈≈≈≈...
#....≈≈ZZZ@≈F≈S#J≈≈≈≈≈..
##....≈≈≈≈≈#ZZ°Sl≈≈≈≈...
###..≈≈≈≈≈≈≈ZZSF≈≈≈≈...
#####################


You could see 2 bullfrogs, 2 adders, an endoplasm, 3 ball pythons, a frilled
lizard and 10 friendly rat zombies.

Vanquished Creatures
  Menkaure (D:4)
  A phantom (D:4)
  Crazy Yiuf (D:4)
  A hound (D:4)
  An iguana (D:4)
  9 adders
  3 gnolls (D:5)
  4 river rats (Sewer)
  An ufetubus (D:5)
  5 worms
  An orc (D:5)
  12 ball pythons
  6 bats
  9 endoplasms
  2 giant cockroaches
  8 goblins
  4 hobgoblins
  6 kobolds
  7 quokkas
  A ball python zombie (Sewer)
  A quokka zombie (D:5)
  20 rats
  A rat zombie (Sewer)
105 creatures vanquished.

Vanquished Creatures (collateral kills)
  A gnoll (D:5)
  3 adders (Sewer)
  A river rat (Sewer)
  3 ball pythons (Sewer)
  8 rats (Sewer)
16 creatures vanquished.

Vanquished Creatures (others)
  2 adder zombies
  2 gnoll zombies (D:5)
  4 ball python zombies (Sewer)
  A giant cockroach zombie (D:5)
  5 rat zombies (Sewer)
  A river rat zombie (Sewer)
15 creatures vanquished.

Grand Total: 136 creatures vanquished

Notes
Turn   | Place    | Note
-------+----------+-------------------------------------------
     0 | D:1      | enile the Demonspawn Artificer began the quest for the Orb.
     0 | D:1      | Reached XP level 1. HP: 15/15 MP: 1/1
   386 | D:1      | Reached skill level 1 in Dodging
   386 | D:1      | Discovered your monstrous ancestry.
   386 | D:1      | Gained mutation: You have a pair of small horns on your
                  | head. [demonic ancestry]
   386 | D:1      | Reached XP level 2. HP: 13/22 MP: 2/2
  1389 | D:2      | Found a basalt altar of Yredelemnul.
  1440 | D:2      | Gained mutation: You have large cloven feet. [demonic
                  | ancestry]
  1440 | D:2      | Reached XP level 3. HP: 16/27 MP: 3/3
  1599 | D:2      | Reached skill level 1 in Throwing
  2246 | D:3      | Noticed a phantom
  2842 | D:4      | Killed a phantom
  2843 | D:4      | Reached XP level 4. HP: 9/36 MP: 4/4
  2843 | D:4      | Gained mutation: Your demonic aura sometimes causes spilled
                  | blood to erupt in flames. [demonic ancestry]
  2843 | D:4      | Reached XP level 5. HP: 10/41 MP: 5/5
  3834 | D:4      | Noticed Menkaure
  3840 | D:4      | Killed Menkaure
  3841 | D:4      | Reached XP level 6. HP: 48/48 MP: 6/6
  4003 | D:4      | Found a runed translucent door.
  4004 | D:4      | Noticed Crazy Yiuf
  4085 | D:4      | Found a burning altar of Makhleb.
  4094 | D:4      | Found a blossoming altar of Fedhas.
  4274 | D:3      | Reached skill level 4 in Evocations
  4436 | D:3      | Found a faded altar of an unknown god.
  4620 | D:3      | Found a faded altar of an unknown god.
  4624 | D:3      | Found a radiant altar of Vehumet.
  5068 | D:2      | Became a worshipper of Yredelemnul the Dark
  5220 | D:4      | Killed Crazy Yiuf
  5327 | D:5      | Entered Level 5 of the Dungeon
  5424 | D:5      | Reached * piety under Yredelemnul
  5499 | D:5      | Reached skill level 5 in Evocations
  5697 | D:5      | Found a glowing drain.
  5756 | Sewer    | Entered a sewer
  5863 | Sewer    | Reached skill level 1 in Invocations
  6072 | Sewer    | Reached ** piety under Yredelemnul
  6082 | Sewer    | Reached XP level 7. HP: 36/54 MP: 8/8
  6452 | Sewer    | Reached *** piety under Yredelemnul
  6604 | Sewer    | Gained mutation: You are weak. (Str -2) [potion of
                  | mutation]
  6604 | Sewer    | Succumbed to an adder's poison

Illustrated notes

Levels and vault maps discovered:
D:1:      eino_arrival_water_cross, layout_rooms, serial_rivers,
          chequers_serial_rivers_small_b, chequers_serial_rivers_micro_a,
          chequers_serial_rivers_micro_c, chequers_serial_rivers_room_b
D:2:      layout_loops_ring, basic_altar
D:3:      layout_basic, nicolae_overflow_ecumenical_swirl,
          ebering_ecumenical_altar_petrified, minmay_quantized
D:4:      layout_basic, mainiacjoe_overflow_swirl, minmay_misc_feat_room,
          grunt_decor_resistance, uniq_crazy_yiuf_cottage, uniq_menkaure
D:5:      layout_gridville, gup_sewer_entry_spiral
Sewer:    sewer_minmay_w

Skill      XL: |  1  2  3  4  5  6  7 |
---------------+----------------------+-----
Fighting       | 2 3 4 |  4.0
Dodging        | 1 2 |  2.0
Throwing       | 2 |  2.0
Armour         | 3 |  3.0
Evocations     | 5 |  5.0
Invocations    | 2 3 |  3.6
Stealth        | |  0.8

Action                   |  1- 3 |  4- 6 |  7- 9 || total
-------------------------+-------+-------+-------++-------
Melee: Club              |    19 |       |       ||    19
       Dagger            |   118 |   121 |    55 ||   294
       Headbutt          |    26 |    15 |     5 ||    46
       Kick              |    24 |    33 |     6 ||    63
       Quarterstaff      |       |    19 |       ||    19
       Punch             |       |     2 |       ||     2
 Fire: Hand crossbow     |    12 |       |       ||    12
Throw: Javelin           |     8 |    10 |       ||    18
Evoke: Wand              |     5 |    11 |       ||    16
  Use: Potion            |     2 |     3 |     1 ||     6
       Scroll            |     1 |     6 |     1 ||     8
 Stab: Sleeping          |     2 |     4 |       ||     6
Armor: Leather armour    |    55 |    19 |    23 ||    97
Dodge: Dodged            |    96 |    72 |    53 ||   221

Table legend: (Time is in decaauts)
 A = Elapsed time spent in this place.
 B = Non-inter-level travel time spent in this place.
 C = Inter-level travel time spent in this place.
 D = Time resting spent in this place.
 E = Time spent auto-exploring this place.
 F = Levels seen in this place.
 G = Mean time per level.
                   A        B        C        D        E       F      G
               +--------+--------+--------+--------+--------+-----+--------+
         Total |   6703 |   6127 |    576 |    786 |   4260 |   6 | 1117.2 |
       Dungeon |   5820 |   5244 |    576 |    786 |   3545 |   5 | 1164.0 |
         Sewer |    882 |    882 |      0 |      0 |    715 |   1 |  882.0 |
               +--------+--------+--------+--------+--------+-----+--------+

Top non-repeatable levels by time:
     D:4: 2177 daAuts
     D:1: 1200 daAuts
     D:2: 1043 daAuts
     D:3: 941 daAuts
   Sewer: 882 daAuts
     D:5: 456 daAuts
